 Dungeon Crawl Stone Soup version 0.23.2-1-ga50397a6bc (webtiles) character file.

Game seed: 1519960724443319563

112798 Revguard the Cleaver (level 17, 0/146 HPs)
             Began as a Formicid Fighter on Apr 28, 2019.
             Was the Champion of Okawaru.
             Slain by a water nymph (4 damage)
             ... on level 3 of the Shoals.
             The game lasted 01:33:52 (24948 turns).

Revguard the Cleaver (Formicid Fighter)            Turns: 24948, Time: 01:33:52

Health: 0/146      AC: 42    Str: 29    XL:     17   Next: 16%
Magic:  26/26      EV:  8    Int: 10    God:    Okawaru [******]
Gold:   1648       SH: 16    Dex: 25    Spells: 16/16 levels left

rFire    + . .     SeeInvis +   H - +9 broad axe "Gitrent" {vamp, rElec}
rCold    . . .     Gourm    +   c - +1 shield
rNeg     . . .     Faith    .   z - +11 crystal plate armour of the Skies Above {*Drain rF+ Str+2}
rPois    .         Spirit   .   (helmet unavailable)
rElec    +         Reflect  .   O - +1 cloak {+Inv}
rCorr    .         Harm     .   L - +2 pair of gloves
MR       +....                  j - +2 pair of boots
Stlth    ..........             s - amulet of the gourmand
HPRegen  0.34/turn              o - ring of Fatigue {*Tele Dex+6}
MPRegen  0.20/turn              v - ring of Ricojeca {Str+2 Dex+4}

@: no status effects
A: permanent stasis, dig shafts and tunnels, four strong arms, antennae 3, beak,
icy blue scales 1, clever 1, robust 1, strong 1
a: Dig, Shaft Self, Heroism, Finesse, Renounce Religion, Evoke Invisibility


You were on level 3 of the Shoals.
You worshipped Okawaru.
Okawaru was exalted by your worship.
You were full.

You visited 5 branches of the dungeon, and saw 26 of its levels.
You also visited: Bailey and Gauntlet.

You collected 2713 gold pieces.
You spent 1065 gold pieces at shops.

Inventory:

Hand Weapons
 d - a +7 dire flail of freezing
 H - the +9 broad axe "Gitrent" (weapon) {vamp, rElec}
   (You bought it in a shop on level 5 of the Dungeon)

   It inflicts no extra harm, but heals its wielder when it wounds a living foe.
   It insulates you from electricity.
Armour
 c - a +1 shield (worn)
 j - a +2 pair of boots (worn)
 z - the +11 crystal plate armour of the Skies Above (worn) {*Drain rF+ Str+2}
   (Okawaru gifted it to you on level 2 of the Lair of Beasts)

   It affects your strength (+2).
   It protects you from fire.
   It causes draining when unequipped.
 J - a scarf of resistance
 L - a +2 pair of gloves (worn)
 O - a +1 cloak of invisibility (worn)
 S - a +2 cloak of poison resistance
Jewellery
 k - an uncursed amulet of the acrobat
 l - an uncursed ring of resist corrosion
 o - the ring of Fatigue (left hand) {*Tele Dex+6}
   (You found it on level 12 of the Dungeon)

   [ring of teleportation]

   It may teleport you next to monsters.
   It affects your dexterity (+6).
 s - an amulet of the gourmand (around neck)
 t - a +3 ring of dexterity
 v - the ring of Ricojeca (right hand) {Str+2 Dex+4}
   (You found it on level 3 of the Lair of Beasts)

   [ring of strength]

   It affects your strength (+2).
   It affects your dexterity (+4).
 B - an uncursed ring of protection from cold
 N - an uncursed ring of ice
 R - the ring of Iduad {Ice rN+ Int+7}
   (You found it in a Gauntlet)

   [ring of ice]

   It enhances your ice magic.
   It affects your intelligence (+7).
   It makes you vulnerable to fire.
   It protects you from cold.
   It protects you from negative energy.
Wands
 b - a wand of random effects (67)
 n - a wand of flame (49)
 r - a wand of polymorph (46)
 u - a wand of iceblast (12)
 x - a wand of digging (9)
 C - a wand of enslavement (16)
 F - a wand of paralysis (16)
Scrolls
 g - 6 scrolls of fear
 h - 6 scrolls of fog
 m - 4 scrolls of amnesia
 y - 5 scrolls of enchant armour
 D - 2 scrolls of magic mapping
 I - 7 scrolls of remove curse
 P - 5 scrolls of enchant weapon
 Q - a scroll of acquirement
Potions
 a - 3 potions of mutation
 e - 9 potions of curing
 i - 2 potions of resistance
 p - 7 potions of flight
 q - 6 potions of brilliance
 A - 2 potions of agility
 M - a potion of magic
 W - 2 potions of invisibility
 X - 4 potions of cancellation
Miscellaneous
 w - a lamp of fire
 G - a lightning rod (4/4)
Comestibles
 f - 49 rations


   Skills:
 + Level 11.6 Fighting
 + Level 13.7(15.2) Axes
 + Level 11.4(14.0) Maces & Flails
   Level 2.0(9.3) Polearms
 + Level 10.3 Armour
 + Level 3.5 Dodging
 + Level 13.1 Shields
 + Level 11.6 Invocations
 * Level 12.9 Evocations


You had 16 spell levels left.
You didn't know any spells.
Your spell library contained the following spells:

 Spells                   Type           Power        Failure   Level  Hunger
 Beastly Appendage        Tmut           #.....       100%        1    ##.....
 Corona                   Hex            #......      100%        1    ##.....
 Flame Tongue             Conj/Fire      #....        100%        1    ##.....
 Infusion                 Chrm           #...         100%        1    ##.....
 Magic Dart               Conj           #...         100%        1    ##.....
 Sandblast                Erth           #.....       100%        1    ##.....
 Sting                    Conj/Pois      #...         100%        1    ##.....
 Ensorcelled Hibernation  Hex/Ice        #.....       100%        2    ###....
 Passwall                 Tmut/Erth      #.......     100%        2    ###....
 Poisonous Vapours        Pois/Air       #.....       100%        2    ###....
 Searing Ray              Conj           #.....       100%        2    ###....
 Shroud of Golubria       Chrm/Tloc      #.........   100%        2    ###....
 Song of Slaying          Chrm           #.......     100%        2    ###....
 Sticks to Snakes         Tmut           #.......     100%        2    ###....
 Throw Flame              Conj/Fire      #.....       100%        2    ###....
 Confuse                  Hex            #.......     100%        3    ####...
 Conjure Flame            Conj/Fire      #.......     100%        3    ####...
 Dazzling Spray           Conj/Hex       #.....       100%        3    ####...
 Inner Flame              Hex/Fire       #.......     100%        3    ####...
 Mephitic Cloud           Conj/Pois/Air  #.......     100%        3    ####...
 Regeneration             Chrm/Necr      #.........   100%        3    ####...
 Spectral Weapon          Hex/Chrm       #.......     100%        3    ####...
 Spider Form              Tmut/Pois      #.........   100%        3    ####...
 Stone Arrow              Conj/Erth      #.....       100%        3    ####...
 Tukima's Dance           Hex            #.......     100%        3    ####...
 Force Lance              Conj/Tloc      #.......     100%        4    #####..
 Fulminant Prism          Conj/Hex       #.........   100%        4    #####..
 Ice Form                 Ice/Tmut       #.......     100%        4    #####..
 Iskenderun's Mystic Bla  Conj           #.......     100%        4    #####..
 Olgreb's Toxic Radiance  Pois           #.......     100%        4    #####..
 Petrify                  Tmut/Erth      #.......     100%        4    #####..
 Sticky Flame             Conj/Fire      #.......     100%        4    #####..
 Blade Hands              Tmut           #.........   100%        5    ######.
 Bolt of Magma            Conj/Fire/Erth #.........   100%        5    ######.
 Fireball                 Conj/Fire      #.........   100%        5    ######.
 Iskenderun's Battlesphe  Conj/Chrm      #.......     100%        5    ######.
 Lee's Rapid Deconstruct  Erth           #.........   100%        5    ######.
 Venom Bolt               Conj/Pois      #.........   100%        5    ######.
 Freezing Cloud           Conj/Ice/Air   #.........   100%        6    #######
 Iron Shot                Conj/Erth      #.........   100%        6    #######
 Orb of Destruction       Conj           #.........   100%        7    #######
 Ring of Flames           Chrm/Fire      #.........   100%        7    #######
 Spellforged Servitor     Conj/Summ      #.........   100%        7    #######


Dungeon Overview and Level Annotations

Branches:
Dungeon (15/15)            Temple (1/1) D:4            Lair (5/6) D:10
 Shoals (3/4) Lair:2        Snake (0/4) Lair:2        Slime (0/5) Lair:5
    Orc (2/2) D:10            Elf (0/3) Orc:2        Vaults (0/5) D:13
 Depths (0/5) D:15

Altars:
Ashenzari
Cheibriados
Dithmenos
Elyvilon
Fedhas
Gozag
Hepliaklqana
Kikubaaqudgha
Makhleb
Nemelex Xobeh
Okawaru
Qazlal
Ru
Sif Muna
Trog
Uskayaw
Vehumet
Wu Jian
Xom
Yredelemnul
Zin
The Shining One
Jiyva

Shops:
D:4 :   D:5 (   D:6 %   D:7 *   D:10 :   Orc:2 ([*:

Annotations:
D:11 2 transporters
D:15 exclusion: human


Innate Abilities, Weirdness & Mutations

You cannot be hasted, slowed, berserked, paralysed or teleported.
You can dig through walls and to a lower floor.
Your four strong arms can wield two-handed weapons with a shield.
You have a pair of large antennae on your head. (SInv)
You have a beak for a mouth.
You are partially covered in icy blue scales. (AC +2)
Your mind is acute. (Int +2)
You are robust. (+10% HP)
Your muscles are strong. (Str +2)


Message History

You feel sick.
The water nymph points at you and mumbles some strange words.
The water swirls and strikes you!
* * * LOW HITPOINT WARNING * * *
You feel sick. You block the water nymph's attack.
Splash!
You fall into the shallow water.
Moving in this stuff is going to be slow.
You see here 5 javelins of penetration.
You feel better. The water nymph closely misses you.
Evoke which item? (* to show all) (? for menu, Esc to quit)
Aiming: Paralyse
Press: ? - help, Shift-Dir - straight line, f - water nymph
Aim: a water nymph (chance to defeat MR: 14%)
The water nymph resists with almost no effort.
The water nymph touches you. The water nymph drowns you!
* * * LOW HITPOINT WARNING * * *
You closely miss the water nymph. Your peck misses the water nymph.
The water nymph touches you.
You die...

≈≈≈≈≈≈≈≈≈≈≈≈≈≈≈
...≈≈≈≈≈≈≈≈≈≈≈≈≈≈≈
.....≈≈≈≈≈≈≈≈≈≈≈≈≈≈
.....≈≈≈≈≈≈≈≈≈≈≈≈≈≈
......≈≈≈≈≈≈≈≈≈≈≈≈≈
..>....≈≈≈≈≈≈≈≈≈≈≈≈
>.......≈≈))≈≈≈≈≈≈≈
....?....≈≈≈≈≈≈≈≈≈
#.≈≈(.)@m.≈≈≈≈≈
{#(≈(..##≈..≈≈≈≈
#((≈.####..≈≈≈≈
{#≈≈..##.#..≈≈≈≈ {
#≈≈........$≈.. { {
{#≈≈.......≈.... #
#####≈≈≈..........≈
≈.###.≈≈≈≈≈≈≈......#...
≈≈...≈≈≈≈≈≈≈≈....###


You could see a water nymph.

Vanquished Creatures
  Nikola (Shoals:1)
  Jorgrun (Orc:2)
  A kraken (Shoals:1)
  Kirke (D:15)
  Gastronok (Lair:1)
  A storm dragon (Lair:5)
  2 orc warlords
  A reaper (Gauntlet)
  The ghost of Ykky the Cleaver, a journeyman FoFi of Makhleb (Lair:5)
  A minotaur (Gauntlet)
  A dire elephant (D:15)
  An ettin (Orc:1)
  2 merfolk impalers
  A merfolk javelineer (Shoals:3)
  An ogre mage (D:15)
  A vault guard (D:15)
  3 hydras
  The ghost of KinonikoII the Magician, a journeyman GnSk of Ashenzari (D:10)
  2 death knights
  5 centaur warriors
  3 two-headed ogres
  2 tengu warriors
  A merfolk aquamancer (Shoals:2)
  A satyr (Shoals:1)
  A queen ant (Lair:2)
  The ghost of Xerberus86 the Carver, a novice DsGl of Makhleb (D:7)
  3 orc high priests (Orc:2)
  A deep elf knight (D:13)
  A skeletal warrior (D:13)
  8 sea snakes
  5 harpies (Shoals:3)
  4 deep elf magi
  6 orc knights
  5 manticores
  2 cyclopes
  3 orc sorcerers (Orc:2)
  A shining eye (shapeshifter) (D:14)
  16 ugly things
  A salamander (D:15)
  8 fauns
  5 elephants (Lair:4)
  Maurice (Orc:2)
  2 water nymphs
  4 merfolk sirens
  3 black mambas
  3 spiny frogs
  A gargoyle (D:14)
  An efreet (D:15)
  4 kobold demonologists
  2 yaktaurs (D:13)
  3 rime drakes
  4 komodo dragons
  3 hellwings (Gauntlet)
  5 freezing wraiths
  6 trolls
  2 tengu conjurers (D:12)
  5 polar bears (Lair:2)
  20 merfolk
  Prince Ribbit (D:7)
  A wolf spider simulacrum (Gauntlet)
  2 slime creatures (D:15)
  2 wind drakes (Shoals:2)
  9 hippogriffs
  3 blink frogs (Lair:3)
  5 snapping turtles
  2 vampires
  7 wraiths
  A spriggan (D:9)
  3 wyverns
  Sigmund (D:3)
  3 water elementals
  10 yaks
  4 hogs (D:15)
  2 steam dragons
  3 vampire mosquitoes (D:15)
  2 hungry ghosts
  3 basilisks
  Edmund (D:6)
  9 soldier ants
  A harpy simulacrum (Gauntlet)
  3 wargs
  4 nagas (Lair:2)
  Duvessa (D:7)
  10 water moccasins
  7 porcupines
  4 black bears
  45 orc warriors
  5 sky beasts
  4 ice beasts
  An ice dragon simulacrum (Gauntlet)
  An eye of draining (D:14)
  A necrophage (D:9)
  14 ogres
  6 wolves
  3 phantoms
  6 centaurs
  7 crocodiles
  8 big kobolds
  Dowan (D:7)
  19 bullfrogs
  2 wyvern zombies
  2 wyvern skeletons
  4 scorpions
  14 wights
  6 electric eels
  9 howler monkeys
  4 crimson imps
  3 centaur zombies
  6 hounds
  A bullfrog skeleton (D:13)
  6 jellies
  8 centaur skeletons
  14 orc priests
  Ijyb (D:5)
  Natasha (thrice) (D:3)
  5 iguanas
  22 orc wizards
  30 worker ants
  A killer bee zombie (D:5)
  7 centaur simulacra
  A mummy (D:10)
  A howler monkey zombie (D:5)
  5 worker ant zombies
  8 adders
  15 gnolls
  8 shadow imps
  A white imp (D:9)
  An ufetubus (D:9)
  An ooze (D:2)
  An adder zombie (D:5)
  An adder skeleton (D:7)
  6 worms
  3 dart slugs
  An adder simulacrum (D:9)
  9 leopard geckos
  102 orcs
  3 giant cockroaches
  10 goblins
  16 hobgoblins
  14 jackals
  22 kobolds
  4 quokkas
  3 ball pythons
  13 bats
  6 frilled lizards
  A giant cockroach zombie (D:5)
  A jackal skeleton (D:5)
  A leopard gecko skeleton (D:4)
  A quokka zombie (D:7)
  7 rats
  A butterfly (Lair:3)
  3 fungi (Orc:2)
  3 plants
  3 tentacles (Shoals:1)
  4 withered plants (Gauntlet)
829 creatures vanquished.

Vanquished Creatures (collateral kills)
  A spiny frog (Lair:4)
  An ogre (Orc:2)
  An orc (Orc:2)
3 creatures vanquished.

Vanquished Creatures (others)
  A hydra (D:15)
  Sonja (Orc:2)
  A wind drake (Shoals:1)
  An acid dragon (D:13)
  An orc wizard (D:3)
  A worker ant (Lair:2)
  A kobold (D:14)
  A goblin (Bailey)
  11 fungi
  10 plants
  13 tentacles (Shoals:1)
  7 withered plants (Gauntlet)
49 creatures vanquished.

Grand Total: 881 creatures vanquished

Notes
Turn   | Place    | Note
-------+----------+-------------------------------------------
     0 | D:1      | Revguard the Formicid Fighter began the quest for the Orb.
     0 | D:1      | Reached XP level 1. HP: 18/18 MP: 1/1
   152 | D:1      | Reached XP level 2. HP: 22/24 MP: 2/2
   269 | D:1      | Gained mutation: Your mind is acute. (Int +2) [potion of
                  | mutation]
   269 | D:1      | Gained mutation: You have a beak for a mouth. [potion of
                  | mutation]
   288 | D:1      | Reached XP level 3. HP: 10/30 MP: 3/3
   943 | D:2      | Reached XP level 4. HP: 33/37 MP: 4/4
  1160 | D:2      | Reached XP level 5. HP: 37/42 MP: 5/5
  1443 | D:3      | Noticed Natasha
  1447 | D:3      | Killed Natasha
  1454 | D:3      | Noticed Sigmund
  1464 | D:3      | Killed Sigmund
  1464 | D:3      | Reached XP level 6. HP: 9/48 MP: 6/6
  1798 | D:3      | Noticed an ogre
  1830 | D:3      | Killed an ogre
  1830 | D:3      | Reached skill level 1 in Polearms
  1830 | D:3      | Reached skill level 1 in Dodging
  1830 | D:3      | Reached skill level 5 in Shields
  1830 | D:3      | Reached XP level 7. HP: 23/54 MP: 7/7
  2091 | D:3      | Noticed Natasha
  2096 | D:3      | Killed Natasha
  2549 | D:3      | Noticed Natasha
  2560 | D:3      | Killed Natasha
  2700 | D:4      | Found Qelylibb's Book Boutique.
  2745 | D:4      | Found a staircase to the Ecumenical Temple.
  2757 | Temple   | Entered the Ecumenical Temple
  3028 | Temple   | Became a worshipper of Warmaster Okawaru
  3411 | D:4      | Found a sparkling altar of Nemelex Xobeh.
  3421 | D:4      | Reached skill level 1 in Invocations
  3671 | D:4      | Found a shimmering altar of Xom.
  3672 | D:4      | Found a basalt altar of Yredelemnul.
  3831 | D:4      | Reached skill level 5 in Axes
  3831 | D:4      | Reached skill level 1 in Evocations
  3831 | D:4      | Reached XP level 8. HP: 35/61 MP: 7/9
  4126 | D:5      | Entered Level 5 of the Dungeon
  4239 | D:5      | Reached skill level 5 in Armour
  4459 | D:5      | Reached * piety under Okawaru
  4496 | D:5      | Found Kilomap's Weapon Emporium.
  4599 | D:5      | Noticed Ijyb
  4617 | D:5      | Killed Ijyb
  4758 | D:6      | Reached skill level 5 in Fighting
  4761 | D:6      | Found a basalt altar of Yredelemnul.
  4902 | D:6      | Reached XP level 9. HP: 42/68 MP: 11/11
  4988 | D:6      | Found Dionker's Food Shop.
  4988 | D:6      | Noticed Edmund
  5009 | D:6      | Killed Edmund
  5011 | D:6      | Reached ** piety under Okawaru
  5237 | D:6      | Found an opulent altar of Gozag.
  5381 | D:6      | Found a shadowy altar of Dithmenos.
  5520 | D:7      | Reached skill level 1 in Maces & Flails
  5593 | D:7      | Found a shimmering altar of Xom.
  5631 | D:7      | Found a runed translucent gate.
  5632 | D:7      | Found a runed translucent gate.
  5633 | D:7      | Found a runed translucent gate.
  5635 | D:7      | Noticed Xerberus86's ghost (novice DsGl)
  5693 | D:7      | Killed Xerberus86's ghost
  5693 | D:7      | Reached *** piety under Okawaru
  5693 | D:7      | Reached skill level 5 in Invocations
  5693 | D:7      | Reached XP level 10. HP: 67/76 MP: 13/13
  5727 | D:7      | Noticed Prince Ribbit
  5730 | D:7      | Noticed Dowan
  5732 | D:7      | Killed Prince Ribbit
  5735 | D:7      | Noticed Duvessa
  5742 | D:7      | Killed Duvessa
  5752 | D:7      | Killed Dowan
  5774 | D:7      | Reached skill level 5 in Evocations
  5820 | D:7      | Found Zin's Purification Station.
  5822 | D:7      | Found a glowing silver altar of Zin.
  5984 | D:7      | Reached **** piety under Okawaru
  6122 | D:7      | Found a burning altar of Makhleb.
  6461 | D:8      | Found a shadowy altar of Dithmenos.
  6662 | D:8      | Reached skill level 5 in Maces & Flails
  7286 | D:9      | Found a glowing golden altar of the Shining One.
  7336 | D:9      | Found a sacrificial altar of Ru.
  7339 | D:9      | Found a blossoming altar of Fedhas.
  7342 | D:9      | Found a deep blue altar of Sif Muna.
  7345 | D:9      | Found a snail-covered altar of Cheibriados.
  7429 | D:9      | Reached ***** piety under Okawaru
  7479 | D:9      | Reached XP level 11. HP: 72/82 MP: 15/15
  7692 | D:9      | Noticed a manticore
  7704 | D:9      | Killed a manticore
  8140 | D:10     | Entered Level 10 of the Dungeon
  8158 | D:10     | Found a staircase to the Lair.
  8192 | D:10     | Noticed a manticore
  8209 | D:10     | Killed a manticore
  8218 | D:10     | Found Doacuot's Book Emporium.
  8302 | D:10     | Found a transporter.
  8303 | D:10     | Noticed KinonikoII's ghost (journeyman GnSk)
  8355 | D:10     | Found a transporter.
  8716 | D:10     | Found a staircase to the Orcish Mines.
  8985 | D:10     | Killed KinonikoII's ghost
  9329 | D:11     | Noticed a cyan ugly thing
  9344 | D:11     | Killed a cyan ugly thing
  9649 | D:11     | Found a transporter.
  9656 | D:11     | Found a transporter.
  9829 | D:11     | Received a gift from Okawaru
  9920 | D:11     | Noticed a brown ugly thing
  9927 | D:11     | Killed a brown ugly thing
  9939 | D:11     | Noticed a death knight
  9961 | D:11     | Reached XP level 12. HP: 52/91 MP: 9/17
  9970 | D:11     | Killed a death knight
 10708 | D:12     | Got a crude copper ring
 10830 | D:12     | Identified the ring of Fatigue {*Tele Dex+6} (You found it
                  | on level 12 of the Dungeon)
 10864 | D:12     | Noticed a six-headed hydra
 10871 | D:12     | Killed a six-headed hydra
 11064 | D:13     | Noticed a centaur warrior
 11091 | D:13     | Killed a centaur warrior
 11463 | D:13     | Noticed a centaur warrior
 11474 | D:13     | Killed a centaur warrior
 11481 | D:13     | Reached ****** piety under Okawaru
 11502 | D:13     | HP: 1/92 [acid dragon (10)]
 11514 | D:13     | HP: 4/92 [centaur warrior skeleton (4)]
 11878 | D:13     | Received a gift from Okawaru
 11887 | D:13     | Reached XP level 13. HP: 88/98 MP: 19/19
 11905 | D:13     | Reached skill level 10 in Maces & Flails
 12106 | D:13     | Reached skill level 10 in Shields
 12967 | D:13     | Found a gate to the Vaults.
 13395 | D:14     | Noticed a centaur warrior
 13407 | D:14     | Killed a centaur warrior
 13449 | D:14     | Reached skill level 10 in Invocations
 13945 | D:14     | Received a gift from Okawaru
 14217 | D:5      | Bought the +9 broad axe "Gitrent" {vamp, rElec} for 1065
                  | gold pieces
 14421 | D:15     | Entered Level 15 of the Dungeon
 14757 | D:15     | Noticed a five-headed hydra
 14757 | D:15     | Noticed a dire elephant
 14758 | D:15     | Found a staircase to the Depths.
 14763 | D:15     | Noticed a centaur warrior
 14766 | D:15     | Killed a dire elephant
 14766 | D:15     | Reached XP level 14. HP: 50/108 MP: 21/21
 14886 | D:15     | Received a gift from Okawaru
 14913 | D:15     | Reached skill level 10 in Evocations
 15037 | D:15     | Found a portal to a secret trove of treasure.
 15275 | D:15     | Received a gift from Okawaru
 15557 | D:15     | Found a deep blue altar of Sif Muna.
 15557 | D:15     | Noticed Kirke
 15570 | D:15     | Killed Kirke
 16231 | Orc:1    | Entered Level 1 of the Orcish Mines
 16317 | Orc:1    | Found a flagged portal.
 16321 | Orc:1    | Noticed an orc warlord
 16345 | Orc:1    | Killed an orc warlord
 16361 | Bailey   | Entered a bailey
 16463 | Bailey   | Reached skill level 10 in Axes
 16465 | Bailey   | Found an iron altar of Okawaru.
 16617 | Bailey   | Reached XP level 15. HP: 114/114 MP: 23/23
 17625 | Orc:2    | Entered Level 2 of the Orcish Mines
 17626 | Orc:2    | Found Reummir's Antique Weapon Boutique.
 17627 | Orc:2    | Noticed an orc warlord
 17666 | Orc:2    | Killed an orc warlord
 17671 | Orc:2    | Noticed Jorgrun
 17680 | Orc:2    | Killed Jorgrun
 17680 | Orc:2    | Reached skill level 10 in Fighting
 17697 | Orc:2    | Received a gift from Okawaru
 17698 | Orc:2    | Noticed Maurice
 17716 | Orc:2    | Killed Maurice
 17898 | Orc:2    | Gained mutation: Scrolls take you a little longer to read.
                  | [a neqoxec]
 17919 | Orc:2    | HP: 4/115 [orc warrior/+0 trident (16)]
 18101 | Orc:2    | Noticed Sonja
 18104 | Orc:2    | Found Mebitz's Book Shoppe.
 18128 | Orc:2    | Your ally died
 18390 | Orc:2    | Found Xakk's General Store.
 18459 | Orc:2    | Found Kuichogh's Antique Armour Boutique.
 18536 | Orc:2    | Found a staircase to the Elven Halls.
 18767 | Lair:1   | Entered Level 1 of the Lair of Beasts
 19041 | Lair:1   | Found a gate leading to a gauntlet.
 19052 | Gauntlet | Entered a Gauntlet
 19052 | Gauntlet | Found a transporter.
 19052 | Gauntlet | Found a transporter.
 19053 | Gauntlet | Found a transporter.
 19054 | Gauntlet | Noticed a reaper
 19055 | Gauntlet | Found a transporter.
 19057 | Gauntlet | Found a transporter.
 19059 | Gauntlet | Found a large runed translucent door.
 19060 | Gauntlet | Found a large runed translucent door.
 19079 | Gauntlet | Found a transporter.
 19089 | Gauntlet | Found a transporter.
 19105 | Gauntlet | Found a transporter.
 19115 | Gauntlet | Found a transporter.
 19131 | Gauntlet | Found a transporter.
 19133 | Gauntlet | Found a large runed translucent door.
 19134 | Gauntlet | Found a large runed translucent door.
 19135 | Gauntlet | Found a large runed translucent door.
 19135 | Gauntlet | Found a large runed translucent door.
 19136 | Gauntlet | Found a runed translucent gate.
 19137 | Gauntlet | Found a transporter.
 19137 | Gauntlet | Found a runed translucent gate.
 19138 | Gauntlet | Found a runed translucent gate.
 19139 | Gauntlet | Found a large runed translucent door.
 19139 | Gauntlet | Found a large runed translucent door.
 19140 | Gauntlet | Found a large runed translucent door.
 19141 | Gauntlet | Found a large runed translucent door.
 19151 | Gauntlet | Found a transporter.
 19208 | Gauntlet | Killed a reaper
 19272 | Gauntlet | Got a fine copper ring
 19277 | Gauntlet | Found a large runed translucent door.
 19278 | Gauntlet | Found a large runed translucent door.
 19281 | Gauntlet | Identified the ring of Iduad {Ice rN+ Int+7} (You found it
                  | in a Gauntlet)
 19337 | Lair:1   | Noticed Gastronok
 19354 | Lair:1   | Killed Gastronok
 19354 | Lair:1   | Received a gift from Okawaru
 19357 | Lair:1   | Got a faintly glowing crystal plate armour {god gift}
 19368 | Lair:1   | Identified the +1 crystal plate armour of Waetigai {Stlth+}
                  | (Okawaru gifted it to you on level 1 of the Lair of Beasts)
 19872 | Lair:2   | Reached XP level 16. HP: 124/124 MP: 18/24
 20078 | Lair:2   | You fall through a shaft for 2 floors!
 20453 | Lair:4   | Found a bloodstained altar of Trog.
 21025 | Lair:3   | Got a vibrating platinum ring
 21032 | Lair:3   | Identified the ring of Ricojeca {Str+2 Dex+4} (You found it
                  | on level 3 of the Lair of Beasts)
 21681 | Lair:2   | Found a staircase to the Shoals.
 21943 | Lair:2   | Found a staircase to the Snake Pit.
 22010 | Lair:2   | Received a gift from Okawaru
 22089 | Lair:2   | Got an ancient crystal plate armour {god gift}
 22100 | Lair:2   | Identified the +11 crystal plate armour of the Skies Above
                  | {*Drain rF+ Str+2} (Okawaru gifted it to you on level 2 of
                  | the Lair of Beasts)
 22647 | Lair:5   | Found a staircase to the Slime Pits.
 22648 | Lair:5   | Found a viscous altar of Jiyva.
 22688 | Lair:5   | Found a runed translucent gate.
 22819 | Lair:5   | Found a runed translucent gate.
 22819 | Lair:5   | Found a runed translucent gate.
 22819 | Lair:5   | Noticed Ykky's ghost (journeyman FoFi)
 23074 | Lair:5   | Noticed a storm dragon
 23074 | Lair:5   | an 11-headed hydra changed into a storm dragon
 23090 | Lair:5   | Killed a storm dragon
 23100 | Lair:5   | Killed Ykky's ghost
 23105 | Lair:5   | Got a crude scimitar
 23111 | Lair:5   | Identified the +5 scimitar of the Eggplant {freeze, Int+2}
                  | (You found it on level 5 of the Lair of Beasts)
 23356 | Shoals:1 | Entered Level 1 of the Shoals
 23720 | Shoals:1 | Reached skill level 10 in Armour
 23803 | Shoals:1 | Noticed Nikola
 23836 | Shoals:1 | Killed Nikola
 23869 | Shoals:1 | Noticed a kraken
 23896 | Shoals:1 | Killed a kraken
 24103 | Shoals:2 | Lost mutation: Your mind is acute. (Int +2) [potion of
                  | mutation]
 24103 | Shoals:2 | Lost mutation: Scrolls take you a little longer to read.
                  | [potion of mutation]
 24103 | Shoals:2 | Gained mutation: You are frail. (-10% HP) [potion of
                  | mutation]
 24103 | Shoals:2 | Gained mutation: Armour fits poorly on your strangely
                  | shaped body. [potion of mutation]
 24103 | Shoals:2 | Gained mutation: You have sharp toenails. [potion of
                  | mutation]
 24104 | Shoals:2 | Lost mutation: You are frail. (-10% HP) [potion of
                  | mutation]
 24104 | Shoals:2 | Lost mutation: Armour fits poorly on your strangely shaped
                  | body. [potion of mutation]
 24104 | Shoals:2 | Lost mutation: You have sharp toenails. [potion of
                  | mutation]
 24104 | Shoals:2 | Gained mutation: You are frail. (-10% HP) [potion of
                  | mutation]
 24104 | Shoals:2 | Gained mutation: Your muscles are strong. (Str +2) [potion
                  | of mutation]
 24104 | Shoals:2 | Gained mutation: Your flesh is heat resistant. (rF+)
                  | [potion of mutation]
 24105 | Shoals:2 | Lost mutation: Your flesh is heat resistant. (rF+) [potion
                  | of mutation]
 24105 | Shoals:2 | Lost mutation: You are frail. (-10% HP) [potion of
                  | mutation]
 24105 | Shoals:2 | Gained mutation: You are partially covered in icy blue
                  | scales. (AC +2) [potion of mutation]
 24105 | Shoals:2 | Gained mutation: You are robust. (+10% HP) [potion of
                  | mutation]
 24105 | Shoals:2 | Gained mutation: Your mind is acute. (Int +2) [potion of
                  | mutation]
 24462 | Shoals:2 | Received a gift from Okawaru
 24469 | Shoals:2 | Got a slimy ring mail {god gift}
 24470 | Shoals:2 | Identified the +7 ring mail of the Rose {Regen+ Str+3
                  | Int+5} (Okawaru gifted it to you on level 2 of the Shoals)
 24617 | Shoals:2 | Reached XP level 17. HP: 144/144 MP: 26/26
 24947 | Shoals:3 | HP: 3/146 [drowned by a water nymph (13)]
 24948 | Shoals:3 | Slain by a water nymph

Skill      XL: |  1  2  3  4  5  6  7  8  9 10 11 12 13 14 15 16 |
---------------+-------------------------------------------------+-----
Axes           | 3 4 5 6 7 10 11 13 | 13.7
Shields        | 4 5 6 7 8 9 10 11 12 13 | 13.1
Armour         | 4 5 6 7 8 9 10 | 10.3
Fighting       | 4 5 6 7 8 9 10 11 | 11.6
Polearms       | 1 2 |  2.0
Dodging        | 1 2 3 |  3.5
Invocations    | 1 3 5 6 7 9 10 11 | 11.6
Evocations     | 1 2 4 6 7 8 9 10 11 12 | 12.9
Maces & Flails | 3 6 8 9 11 | 11.4

Action                   |  1- 3 |  4- 6 |  7- 9 | 10-12 | 13-15 | 16-18 || total
-------------------------+-------+-------+-------+-------+-------+-------++-------
Melee: War axe           |    81 |    91 |   238 |       |       |       ||   410
       Peck              |     5 |    14 |    88 |   167 |   313 |   172 ||   759
       Scythe            |       |    39 |    59 |       |       |       ||    98
       Dire flail        |       |       |    81 |   650 |   252 |       ||   983
       Broad axe         |       |       |       |       |   715 |   481 ||  1196
       Unarmed           |       |       |       |       |     6 |       ||     6
Invok: Heroism           |       |       |     1 |     3 |     6 |     1 ||    11
       Finesse           |       |       |       |     3 |     7 |     1 ||    11
 Abil: Dig               |       |       |     1 |     6 |     7 |       ||    14
       Evoke Invisibilit |       |       |       |       |     1 |     1 ||     2
Evoke: Wand              |       |       |       |     4 |    24 |     8 ||    36
       Lamp of fire      |       |       |       |     1 |     3 |     1 ||     5
       Lightning rod     |       |       |       |       |       |     2 ||     2
  Use: Potion            |     4 |     1 |     6 |    12 |     4 |     5 ||    32
       Scroll            |     1 |     1 |    10 |     7 |     6 |     9 ||    34
 Stab: Distracted        |       |       |     1 |       |       |       ||     1
       Invisible         |       |       |       |     2 |     7 |     3 ||    12
       Petrifying        |       |       |       |       |     1 |       ||     1
  Eat: Chunk             |       |     3 |    14 |    27 |    37 |    17 ||    98
Armor: Scale mail        |    39 |    94 |    38 |       |       |       ||   171
       Chain mail        |       |       |   128 |   264 |   117 |       ||   509
       Skin              |       |       |     1 |       |       |       ||     1
       Plate armour      |       |       |       |       |   192 |       ||   192
       Crystal plate arm |       |       |       |       |    48 |   351 ||   399
Dodge: Dodged            |    27 |    77 |   127 |   183 |   251 |   139 ||   804
Block: Shield            |    47 |   109 |   260 |   381 |   669 |   417 ||  1883
